 Dungeon Crawl Stone Soup version 0.29.1-15-g9cfb28693d (webtiles) character file.

Game seed: 1137537317166146502

1313 nightchill the Chopper (level 8, -13/53 HPs)
             Began as a Gargoyle Fighter on Mar 15, 2023.
             Mangled by a boulder beetle (39 damage)
             ... on level 6 of the Dungeon.
             The game lasted 00:12:06 (6778 turns).

nightchill the Chopper (Gargoyle Fighter)           Turns: 6778, Time: 00:12:07

Health: -13/53     AC: 15    Str: 20    XL:     8   Next: 58%
Magic:  8/8        EV:  7    Int: 11    God:
Gold:   266        SH:  5    Dex:  9    Spells: 7/7 levels left

rFire   . . .      SeeInvis .   a - +1 war axe
rCold   . . .      Faith    .   c - +1 buckler
rNeg    + . .      Spirit   .   t - +0 chain mail
rPois   ∞          Reflect  .   (no helmet)
rElec   +          Harm     .   (no cloak)
rCorr   .          Rampage  .   u - +0 pair of gloves
Will    .....                   (no boots)
Stlth   ..........              (no amulet)
HPRegen 0.17/turn               (no ring)
MPRegen 0.11/turn               (no ring)

@: no status effects
A: sickness immunity, AC +5, negative energy resistance 1, electricity
resistance, torment resistance 1, petrification resistance
a: no special abilities


You were on level 6 of the Dungeon.
You visited 1 branch of the dungeon, and saw 6 of its levels.

You collected 266 gold pieces.

Inventory:

Hand Weapons
 a - a +1 war axe (weapon)
Armour
 c - a +1 buckler (worn)
 t - a +0 chain mail (worn)
 u - a +0 pair of gloves (worn)
 y - a +2 robe of the Archmagi
Wands
 d - a wand of mindburst (16)
 s - a wand of roots (7)
 v - a wand of flame (21)
Scrolls
 e - 4 scrolls of teleportation {unknown}
 f - 2 scrolls of enchant weapon
 i - a scroll of magic mapping
 j - a scroll of acquirement {unknown}
 k - a scroll of immolation {unknown}
 l - a scroll of noise {unknown}
 n - a scroll of enchant armour
 q - a scroll of vulnerability {unknown}
 w - a scroll of butterflies {unknown}
 x - a scroll of amnesia {unknown}
 A - a scroll of identify
Potions
 b - a potion of cancellation {unknown}
 g - a potion of flight
 h - a potion of degeneration {unknown}
 o - a potion of magic
 p - a potion of brilliance
 r - a potion of ambrosia {unknown}
 z - a potion of attraction {unknown}


   Skills:
 + Level 7.1 Fighting
 * Level 7.8 Axes
 - Level 3.2 Armour
 - Level 3.2 Shields


You had 7 spell levels left.
You didn't know any spells.
Your spell library contained the following spells:

 Spells                   Type           Power      Damage    Failure   Level
 Sandblast                Erth           0%         2d4       99%         1
 Passwall                 Tmut/Erth      0%         N/A       100%        2
 Conjure Flame            Conj/Fire      0%         6-21      100%        3
 Dazzling Flash           Conj/Hex       0%         N/A       100%        3
 Portal Projectile        Hex/Tloc       0%         N/A       100%        3
 Stone Arrow              Conj/Erth      0%         3d7       100%        3
 Teleport Other           Tloc           0%         N/A       100%        3
 Tukima's Dance           Hex            0%         N/A       100%        3
 Agony                    Necr           0%         N/A       100%        5
 Blade Hands              Tmut           0%         N/A       100%        5
 Silence                  Hex/Air        0%         N/A       100%        5
 Fire Storm               Conj/Fire      0%         5d1       100%        9


Dungeon Overview and Level Annotations

Branches:
Dungeon (6/15)
 Temple: D:4-7

Altars:
Ashenzari
Fedhas
Nemelex Xobeh
Sif Muna
Trog
Uskayaw
Vehumet

Annotations:
D:5 exclusion: 2 downstairs


Innate Abilities, Weirdness & Mutations

You are immune to sickness and miasma.
Your stone body is resilient. (AC +5)
You are immune to poison.
You resist negative energy. (rN+)
You are resistant to electric shocks. (rElec)
You are resistant to unholy torment.
You are immune to petrification.


Message History

Unknown command.
You hit the boulder beetle.
The boulder beetle is lightly wounded.
The boulder beetle bites you!
* * * LOW HITPOINT WARNING * * *
You hit the boulder beetle but do no damage.
The boulder beetle is lightly wounded.
The boulder beetle bites you but does no damage.
You barely miss the boulder beetle.
The boulder beetle is lightly wounded.
The boulder beetle bites you but does no damage.
You slash the boulder beetle!
The boulder beetle is moderately wounded.
The boulder beetle bites you but does no damage.
You slash the boulder beetle!
The boulder beetle is heavily wounded.
The boulder beetle bites you but does no damage.
You block the boulder beetle's attack.
You hit the boulder beetle.
The boulder beetle is heavily wounded.
The boulder beetle leaps!
The boulder beetle curls into a ball and begins rolling!
The boulder beetle closely misses you.
The boulder beetle stops rolling and uncurls.
You hit the boulder beetle but do no damage.
The boulder beetle is heavily wounded.
The boulder beetle bites you but does no damage.
You hit the boulder beetle but do no damage.
The boulder beetle is heavily wounded.
The boulder beetle leaps!
The boulder beetle curls into a ball and begins rolling!
The boulder beetle completely misses you.
The boulder beetle stops rolling and uncurls.
You slash the boulder beetle!
The boulder beetle is heavily wounded.
The boulder beetle leaps!
The boulder beetle curls into a ball and begins rolling!
The boulder beetle hits you!!!
Ouch! That really hurt!
You die...

...B.#<.........#.###########.#
####.#.##########.# #.#
.B.#.#............# #.#
○#.#<#################### #.#
.#......................# #.#
.#.####################.#####.#
.### #............# #.....#.#
.# #.######.°...# #####.#.# B#
#.# #..@B.# #.#.#
.######.######.....#### #.#.#
..........[...........> #.#.#
#######.#######.######.# #.#.#
........# #.# #.#.# #########
#.# #.#.# #.# #.#.# #.# #.#.#
#############.# #.#.#


You could see a boulder beetle (rolling).

Vanquished Creatures
  Prince Ribbit (D:5)
  Sigmund (D:5)
  Eustachio (D:5)
  Duvessa (D:4)
  An orc warrior (D:5)
  2 necrophages (D:5)
  A scorpion (D:5)
  Dowan (D:4)
  3 hounds (D:5)
  A jelly (D:4)
  3 iguanas
  8 adders
  3 gnolls (D:5)
  A shadow imp (D:6)
  A white imp (D:6)
  An ufetubus (D:4)
  3 dart slugs
  3 orcs (D:5)
  8 ball pythons
  5 endoplasms
  5 giant cockroaches
  3 goblins
  3 hobgoblins
  8 jackals
  4 kobolds
  5 quokkas
  A bat (D:1)
  2 frilled lizards (D:1)
  5 rats
85 creatures vanquished.

Vanquished Creatures (others)
  A wizard (D:4)
  25 plants (D:1)
26 creatures vanquished.

Grand Total: 111 creatures vanquished

Notes
Turn   | Place    | Note
-------+----------+-------------------------------------------
     0 | D:1      | nightchill the Gargoyle Fighter began the quest for the
                  | Orb.
     0 | D:1      | Reached XP level 1. HP: 14/14 MP: 1/1
   196 | D:1      | Reached XP level 2. HP: 19/19 MP: 2/2
   718 | D:1      | Found a faded altar of an unknown god.
   756 | D:1      | Got Sif Muna's Catalogue of the Torrid Map
  1203 | D:2      | Reached XP level 3. HP: 24/24 MP: 3/3
  1465 | D:2      | Reached XP level 4. HP: 28/29 MP: 4/4
  2623 | D:3      | Found a hide-covered altar of Uskayaw.
  2927 | D:4      | Reached XP level 5. HP: 32/34 MP: 5/5
  3032 | D:4      | Found a bloodstained altar of Trog.
  3036 | D:4      | Noticed Dowan
  3037 | D:4      | Noticed Duvessa
  3053 | D:4      | Killed Dowan
  3068 | D:4      | Killed Duvessa
  3069 | D:4      | Reached skill level 5 in Fighting
  3069 | D:4      | Reached XP level 6. HP: 18/40 MP: 6/6
  3344 | D:4      | Noticed a wizard
  3346 | D:4      | Killed a wizard
  3514 | D:4      | Found a radiant altar of Vehumet.
  3669 | D:4      | Reached skill level 5 in Axes
  4052 | D:5      | Entered Level 5 of the Dungeon
  4359 | D:5      | Noticed Prince Ribbit
  4383 | D:5      | Killed Prince Ribbit
  4384 | D:5      | Reached XP level 7. HP: 38/45 MP: 7/7
  4431 | D:5      | Noticed Eustachio
  4452 | D:5      | Killed Eustachio
  4578 | D:5      | Noticed Sigmund
  4617 | D:5      | Killed Sigmund
  4618 | D:5      | Reached XP level 8. HP: 26/52 MP: 8/8
  5511 | D:5      | Found a broken altar of Ashenzari.
  5651 | D:5      | Found a shimmering blue altar of Sif Muna.
  5868 | D:6      | Noticed a boulder beetle
  6427 | D:6      | Found a blossoming altar of Fedhas.
  6521 | D:6      | Found a sparkling altar of Nemelex Xobeh.
  6778 | D:6      | Mangled by a boulder beetle

Illustrated notes

Levels and vault maps discovered:
D:1:      dpeg_arrival_yet_another_circle, layout_rooms,
          shapermc_ecumenical_altar_ellora, serial_bayou, serial_bayou_lagoon_b,
          serial_bayou_shore_a, serial_bayou_lake_a, serial_bayou_lagoon_a,
          serial_bayou_pond_e, st_stairs_8
D:2:      layout_loops_ring, minmay_misc_feat_secret_circle,
          minmay_misc_feat_nine_boxes
D:3:      layout_basic, nicolae_uskayaw_suspiria, st_stairs_8
D:4:      layout_basic, vehumet_altar_wand_db, trog_wizard, serial_rivers,
          chequers_serial_rivers_small_b, chequers_serial_rivers_small_3,
          chequers_serial_rivers_room_b, chequers_serial_rivers_small_a,
          uniq_duvessa
D:5:      layout_basic, lemuel_doored_altar, lemuel_blue_sif_altar,
          uniq_eustachio, uniq_prince_ribbit1, uniq_sigmund
D:6:      layout_basic, fedhas_altar_3, nemelex_altar_shiori,
          uniq_crazy_yiuf_cottage

Skill      XL: |  1  2  3  4  5  6  7  8 |
---------------+-------------------------+-----
Axes           | 2 3 4 6 7 |  7.8
Fighting       | 4 5 6 7 |  7.1
Armour         | |  3.2
Shields        | |  3.2

Action                   |  1- 3 |  4- 6 |  7- 9 || total
-------------------------+-------+-------+-------++-------
Melee: War axe           |    86 |   148 |   138 ||   372
  Use: Scroll            |       |     6 |     1 ||     7
       Potion            |       |     1 |     6 ||     7
Armor: Scale mail        |    55 |     1 |       ||    56
       Chain mail        |       |   101 |    51 ||   152
       Skin              |       |       |     8 ||     8
Dodge: Dodged            |    43 |    47 |    39 ||   129
Block: Buckler           |    15 |    46 |    33 ||    94
